AoeStats
← Effect

Arabia

507516310Analyzed
1v1 RM · 14d ago on Sep 18, 2026· 59m 49s· 2 players
Game mode
Random Map
Map size
Tiny (2 player)
Population
200
Speed
Normal
Resources
Standard
Victory
Conquest
Starting age
Dark Age
Ending age
Imperial Age
RankedLock teamsTeams togetherTeam positionsShared explorationLock speedFull tech treeHidden civsTurbo modeCheats
Victory
Defeat
🇮🇳 Franks · India
985
+18
🇨🇳 Spanish · China
1020
-18
BHAIRAV
1:29 Loom
10:36 Feudal Age
11:06 Double-Bit Axe
20:00 Fletching
25:41 Castle Age
25:10 Padded Archer Armor
40:47 Gold Mining
40:47 Stone Mining
42:45 Bodkin Arrow
43:16 Crossbowman
47:10 Ballistics
47:50 Murder Holes
49:13 Leather Archer Armor
53:27 Imperial Age
52:07 Bow Saw
52:35 Gold Shaft Mining
53:15 Town Watch
54:05 Wheelbarrow
54:53 Elite Throwing Axeman
55:52 Masonry
58:04 Hoardings
58:25 Conscription
58:19 Forging
59:42 Chemistry
Effect
9:57 Feudal Age
8:51 Loom
12:44 Double-Bit Axe
17:16 Castle Age
16:36 Stone Mining
16:57 Horse Collar
31:00 Gold Mining
41:18 Bow Saw
45:55 Bloodlines
45:07 Light Cavalry
50:16 Imperial Age
48:08 Husbandry
50:22 Wheelbarrow
60:13 Scale Barding Armor
60:19 Forging
Connection lost

Rejoining the realm…

Still unreachable

The connection could not be restored.

Session expired

The server has moved on; the page needs a fresh start.